 Dungeon Sprint DCSS version 0.31-a0-875-g02e7d12df6 (webtiles) character file.

Game seed: 9383952734496225940

102 sircluck the Ruffian (level 4, 0/50 HPs)
             Began as a Troll Berserker on Oct 12, 2023.
             Was a Priest of Trog.
             Slain by a water elemental (18 damage)
             ... in the Dungeon (Sprint III: "The Ten Rune Challenge").
             The game lasted 00:00:44 (147 turns).

sircluck the Ruffian (Troll Berserker)               Turns: 147, Time: 00:00:44

Health: 0/50       AC:  4    Str: 31    XL:     4   Next: 49%
Magic:  3/3        EV: 10    Int:  2    God:    Trog [***...]
Gold:   21         SH:  0    Dex:  6    Spells: 3/3 levels left

rFire   . .          .
                       - Unarmed
rCold   . . .        (no shield)
rNeg    . . .        a - +0 animal skin
rPois   .            (helmet restricted)
rElec   .            (no cloak)
rCorr   .            (gloves unavailable)
SInv    .            (boots unavailable)
Will    .....        (no amulet)
Stlth   +            (no ring)
HPRegen 1.08/turn    (no ring)
MPRegen 0.08/turn

%: no teleportation
@: engulfed (cannot breathe)
A: large, unfitting armour, claws 3, regeneration 1, shaggy fur 1, tough skin 1,
hooves 1, clumsy 1, mutation resistance 2, strong 1
a: Renounce Religion, Berserk, Trog's Hand


You were in the Dungeon.
You worshipped Trog.
Trog was most pleased with you.
You visited 1 branch You collected 21 gold pieces.

Inventory:

Armour
 a - a +0 animal skin (worn)
Scrolls
 g - a scroll of blinking
 i - 2 scrolls of immolation {unknown}
 j - a scroll of revelation {unknown}
 l - a scroll of identify {unknown}
Potions
 b - a potion of curing
 c - a potion of heal wounds
 d - a potion of haste
 e - 2 potions of magic
 f - a potion of berserk rage
 k - 4 potions of enlightenment


   Skills:
 + Level 5.0 Fighting
 + Level 4.9 Dodging
 + Level 5.9 Unarmed Combat


You had 3 spell levels left.
You didn't know any spells.
Your spell library was empty.

Dungeon Overview and Level Annotations

Branches:
Dungeon (1/1)

Altars:


Innate Abilities, Weirdness & Mutations

You are too large for most types of armour.
You have claws for hands.
Your natural rate of healing is unusually fast.
You are covered in fur. (AC +1)
You have tough skin. (AC +1)
You have large cloven feet.
You are clumsy. (Dex -2)
You are somewhat resistant to both further mutation and mutation removal.
Your muscles are strong. (Str +4, Int/Dex -1)


Message History

You feel extremely strange.
You no longer become unable to read scrolls after taking damage.
You feel genetically unstable.
Your fur grows into a thick mane.
You feel clumsy.
You feel vulnerable to cold.
You feel extremely strange.
Your thick fur recedes somewhat.
You no longer feel vulnerable to cold.
You feel strong-willed.
You feel genetically stable. x2
You feel extremely strange.
You feel stronger.
You feel extremely strange.
You no longer feel strong-willed.
Your feet thicken and deform.
There is an open door here.
You open the door.
A water elemental is nearby!
The water elemental hits you.
The water elemental engulfs you in water!
There is an open door to the Ecumenical Temple here.
You claw the water elemental! Your kick misses the water elemental.
The water elemental is heavily damaged.
Your lungs strain for air!
The water elemental hits you.
You closely miss the water elemental. Your kick misses the water elemental.
The water elemental is moderately damaged.
Your lungs strain for air!
The water elemental hits you!
You are too injured to fight recklessly!
You are too injured to fight recklessly!
You are too injured to fight recklessly!
You are too injured to fight recklessly!
You are too injured to fight recklessly!
You are too injured to fight recklessly!
You are too injured to fight recklessly!
You are too injured to fight recklessly!
You are too injured to fight recklessly!
You are too injured to fight recklessly!
You claw the water elemental! You kick the water elemental.
The water elemental is almost destroyed.
Your lungs strain for air!
The water elemental hits you!!
You die...

▓▓▓▓▓▓▓ ▓▓▓ ..#[..####
##.# ..#......#####..#
.##.......#..#..#
#.##.##.).#..#..###+#+##
#.##.###..##'#..#.......
.####.##..###...@.⌠.....
###†.##..####...#E..####
.....##..###....#.⌠.#
##†.##†..##.....#...#
#..##....#..†...#+###
..###..##.#.....# :.#
#..#####....# ▓▓▓ ▓▓▓▓
▓▓▓▓▓▓


You could see a water elemental.

Vanquished Creatures
  A scorpion (D)
  Jessica (D)
  A human (D)
  3 rats (D)
6 creatures vanquished.

Notes
Turn   | Place    | Note
-------+----------+-------------------------------------------
     0 | D        | sircluck the Troll Berserker began the quest for the Orb.
     0 | D        | Reached XP level 1. HP: 22/22 MP: 0/0
    22 | D        | Noticed Jessica
    28 | D        | Killed Jessica
    28 | D        | Reached ** piety under Trog
    29 | D        | Reached XP level 2. HP: 32/32 MP: 1/1
    60 | D        | Reached XP level 3. HP: 33/39 MP: 2/2
    75 | D        | Noticed a scorpion
    80 | D        | Killed a scorpion
    80 | D        | Reached *** piety under Trog
    81 | D        | Reached skill level 5 in Fighting
    81 | D        | Reached skill level 5 in Unarmed Combat
    81 | D        | Reached XP level 4. HP: 23/50 MP: 3/3
   120 | D        | Noticed a water elemental
   134 | D        | Gained mutation: You occasionally lose the ability to read
                  | scrolls when taking damage. [potion of mutation]
   134 | D        | Gained mutation: You are somewhat resistant to further
                  | mutation. [potion of mutation]
   135 | D        | Lost mutation: You occasionally lose the ability to read
                  | scrolls when taking damage. [potion of mutation]
   135 | D        | Lost mutation: You are somewhat resistant to further
                  | mutation. [potion of mutation]
   135 | D        | Gained mutation: You are covered in thick fur. (AC +2)
                  | [potion of mutation]
   135 | D        | Gained mutation: You are clumsy. (Dex -2) [potion of
                  | mutation]
   135 | D        | Gained mutation: You are vulnerable to cold. (rC-) [potion
                  | of mutation]
   136 | D        | Lost mutation: You are covered in thick fur. (AC +2)
                  | [potion of mutation]
   136 | D        | Lost mutation: You are vulnerable to cold. (rC-) [potion of
                  | mutation]
   136 | D        | Gained mutation: You are strong-willed. (Will+) [potion of
                  | mutation]
   136 | D        | Gained mutation: You are somewhat resistant to further
                  | mutation. [potion of mutation]
   136 | D        | Gained mutation: You are somewhat resistant to both further
                  | mutation and mutation removal. [potion of mutation]
   137 | D        | Gained mutation: Your muscles are strong. (Str +4, Int/Dex
                  | -1) [potion of mutation]
   138 | D        | Lost mutation: You are strong-willed. (Will+) [potion of
                  | mutation]
   138 | D        | Gained mutation: You have large cloven feet. [potion of
                  | mutation]
   147 | D        | Slain by a water elemental

Illustrated notes

Levels and vault maps discovered:
D:        dungeon_sprint_mu [sprint_mu_entry_cave, sprint_mu_temple_rooms,
          sprint_mu_d1_spiders, sprint_mu_d2_genie, sprint_mu_d3_branching,
          sprint_mu_orc_legion, sprint_mu_elf_gauntlet, sprint_mu_hive_nellie,
          sprint_mu_lair_fedhas, sprint_mu_vaults_butterflies,
          sprint_mu_slime_circle, sprint_mu_swamp_cave, sprint_mu_snake_twists,
          sprint_mu_blade_basic, sprint_mu_crypt_chambers,
          sprint_mu_tomb_spiral, sprint_mu_vestibule_basic,
          sprint_mu_gehenna_hellfire, sprint_mu_dis_giant,
          sprint_mu_tartarus_statrot, sprint_mu_cocytus_islands, sprint_mu_zot1]

Skill      XL: |  1  2  3 |
---------------+----------+-----
Fighting       | 3 4 5 |  5.0
Dodging        | 3 4 |  4.9
Unarmed Combat | 4 5 |  5.9

Action                     |  1- 3 |  4- 6 || total
---------------------------+-------+-------++-------
  Melee: Unarmed           |    20 |     3 ||    23
         Kick              |       |     1 ||     1
    Use: Potion            |       |     5 ||     5
   Stab: Sleeping          |     2 |       ||     2
 Armour: Animal skin       |    11 |     4 ||    15
  Dodge: Dodged            |     4 |       ||     4

Table legend: (Time is in decaauts)
 A = Elapsed time spent in this place.
 B = Non-inter-level travel time spent in this place.
 C = Inter-level travel time spent in this place.
 D = Time resting spent in this place.
 E = Time spent auto-exploring this place.
 F = Levels seen in this place.
 G = Mean time per level.
                   A        B        C        D        E       F      G
               +--------+--------+--------+--------+--------+-----+--------+
         Total |    145 |    145 |      0 |      0 |     77 |   1 |  145.0 |
       Dungeon |    145 |    145 |      0 |      0 |     77 |   1 |  145.0 |
               +--------+--------+--------+--------+--------+-----+--------+

Top non-repeatable levels by time:
       D: 145 daAuts
